Map: Thunderbird LE

Players

Mesrob

  • Race: Terran Terran
  • League: Platinum
  • Spawn Location: 11:00

Andrizzle - Winner!

  • Race: Zerg Zerg
  • League: Platinum
  • Spawn Location: 5:00

VOD

Have the link to the VOD?

Description

Time

  • Played on: July 11, 2019, 9:38 p.m.
  • Length: 10:05
Show
View Real Time Build Order
Export as new Build Order

Mesrob Terran 

Build Orders: 2 Factory, Reaper Expand 

Get SALT Encoding   

  12  0:00  SCV  
  13  0:12  SCV  
  14  0:18  Supply Depot  
  14  0:26  SCV  
  15  0:39  SCV  
  15  0:41  Barracks  
  16  0:44  Refinery  
  16  0:51  SCV  
  17  1:03  SCV  
  18  1:15  SCV  
  19  1:27  Orbital Command  
  19  1:40  Command Center  
  19  1:42  Reaper  
  20  1:54  SCV  
  21  2:06  Factory  
  21  2:09  SCV  
  21  2:14  Refinery  
  22  2:21  SCV  
  23  2:25  Barracks Tech Lab  
  23  2:40  Supply Depot  
  23  2:52  SCV  
  23  2:53  Supply Depot  
  23  2:56  Orbital Command  
  24  3:04  SCV  
  25  3:06  Supply Depot  
  25  3:07  Cyclone  
  28  3:14  Factory  
  28  3:16  SCV  
  28  3:19  Bunker  
  29  3:26  SCV  
  30  3:28  SCV  
  31  3:35  Engineering Bay  
  31  3:40  Cyclone  
  34  3:45  SCV  
  34  3:46  SCV  
  36  3:50  Supply Depot  
  36  3:51  Marine  
  37  3:57  SCV  
  37  3:58  SCV  
  39  4:05  Missile Turret  
  39  4:06  Missile Turret  
  39  4:08  Factory Reactor  
  39  4:09  SCV  
  40  4:10  SCV  
  40  4:16  Cyclone  
  44  4:19  Missile Turret  
  44  4:23  SCV x2  
  44  4:24  Refinery  
  46  4:35  SCV  
  46  4:38  SCV  
  48  4:47  SCV  
  48  4:50  SCV  
  50  4:53  Supply Depot  
  50  4:59  SCV  
  51  5:00  Missile Turret  
  51  5:15  Hellion x2  
  51  5:16  Supply Depot, Cyclone  
  58  5:23  Command Center  
  58  5:25  SCV x2  
  60  5:36  Hellion  
  60  5:37  Hellion  
  60  5:39  Supply Depot  
  60  5:40  Factory  
  64  5:47  Armory  
  64  5:48  Cyclone  
  64  5:49  SCV x2  
  69  5:59  Hellion x2  
  69  6:03  Supply Depot  
  73  6:06  SCV x2  
  73  6:09  Refinery  
  75  6:18  SCV x2  
  77  6:20  Cyclone  
  77  6:24  Hellion x2  
  77  6:25  Factory, Supply Depot  
  84  6:30  SCV  
  85  6:36  Factory Tech Lab  
  85  6:37  Missile Turret  
  85  6:45  Hellion  
  85  6:46  Hellion  
  89  6:52  Cyclone  
  90  6:59  Missile Turret  
  88  7:08  Factory Reactor  
  88  7:09  Cyclone  
  88  7:11  Hellion x2  
  95  7:18  Refinery  
  95  7:22  Missile Turret, SCV  
  96  7:23  SCV  
  96  7:24  Cyclone  
  100  7:35  Sensor Tower  
  100  7:36  Hellion x2  
  104  7:41  Factory, Cyclone  
  104  7:42  Factory  
  104  7:43  Missile Turret  
  107  7:44  Refinery  
  107  7:55  Hellion x2  
  107  7:56  Cyclone  
  107  7:57  Terran Vehicle Weapons Level 1  
  107  7:58  Infernal Pre-Igniter  
  114  8:17  Planetary Fortress  
  102  8:27  Factory  
  102  8:29  Factory, Command Center  
  87  8:38  Cyclone x2  
  87  8:39  Hellion x2  
  87  8:40  Hellion x2  
  67  8:47  Factory Tech Lab  
  67  8:48  Factory Tech Lab  
  48  9:10  Cyclone  
  48  9:11  SCV  
  41  9:21  Cyclone  
  41  9:22  Cyclone x2  
  41  9:23  SCV  
  50  9:24  Hellion  
  49  9:35  SCV  
  50  9:38  Orbital Command  
  47  9:47  SCV  
Show
View Real Time Build Order
Export as new Build Order

Andrizzle Zerg - Winner!

Build Orders: Hatch First 

Get SALT Encoding   

  12  0:01  Drone  
  13  0:09  Drone  
  14  0:16  Overlord  
  14  0:35  Drone  
  15  0:36  Drone x2  
  17  0:55  Drone  
  17  0:56  Hatchery  
  17  0:59  Drone  
  17  1:01  Extractor  
  17  1:08  Drone  
  18  1:21  Spawning Pool, Drone  
  18  1:30  Drone  
  19  1:40  Drone  
  20  1:50  Overlord  
  20  2:01  Drone  
  21  2:09  Drone  
  21  2:11  Queen  
  21  2:15  Queen  
  26  2:18  Drone  
  28  2:22  Drone  
  28  2:23  Drone  
  28  2:24  Roach Warren  
  28  2:30  Extractor  
  28  2:32  Metabolic Boost  
  28  2:34  Drone  
  28  2:35  Drone  
  29  2:43  Drone  
  30  2:46  Drone  
  31  2:52  Drone  
  31  2:54  Overlord  
  32  3:03  Queen  
  34  3:06  Drone x2  
  36  3:16  Lair  
  36  3:17  Evolution Chamber  
  36  3:18  Roach  
  36  3:19  Drone  
  38  3:25  Drone x2  
  40  3:27  Drone  
  40  3:31  Overlord  
  41  3:41  Spore Crawler  
  40  3:49  Spore Crawler  
  40  3:53  Zerg Missile Weapons Level 1  
  40  3:55  Roach x3  
  45  3:57  Roach  
  45  4:00  Roach  
  49  4:07  Drone x2  
  49  4:08  Drone  
  52  4:10  Overlord  
  52  4:28  Overlord  
  52  4:34  Roach x4  
  60  4:43  Hydralisk Den  
  59  4:51  Overseer  
  59  4:57  Roach x4  
  59  4:59  Overlord  
  67  5:00  Overlord x2  
  67  5:03  Overlord  
  67  5:05  Drone  
  68  5:15  Muscular Augments  
  68  5:17  Overlord  
  68  5:18  Overlord x2  
  68  5:35  Extractor  
  68  5:37  Drone x3  
  68  5:38  Extractor, Drone x4  
  73  5:47  Spore Crawler, Hydralisk x2  
  73  5:49  Zerg Missile Weapons Level 2  
  76  6:05  Drone  
  76  6:06  Drone x3  
  80  6:20  Hydralisk  
  80  6:21  Hydralisk x4  
  90  6:45  Hatchery  
  89  7:06  Hydralisk x7  
  89  7:07  Hydralisk x3  
  109  7:29  Hydralisk  
  109  7:30  Hydralisk x2  
  115  7:38  Drone  
  115  7:40  Overlord x3  
  72  8:42  Hydralisk x5  
  72  8:43  Roach x2  
  72  8:44  Roach x7  
  72  8:45  Roach x6  
  72  8:46  Roach  
  114  8:54  Queen  
  106  9:35  Roach x3  
  106  9:36  Roach x7  
  106  9:37  Roach x5  
Tags
 
Add a new tag
Caveats
  • Supply blocks, unpowered buildings, or Contaminate may cause inaccurate times.
  • Supply counts are checked every 10 seconds.